 Dungeon Crawl Stone Soup version 0.29.1-2-gbd0b4ee654 (webtiles) character file.

Game seed: 10666303288001167023

44 Gabide the Grasshopper (level 3, -4/29 HPs)
             Began as a Human Wanderer on Nov 19, 2022.
             Killed by nerve-wracking pain
             ... invoked by an orc priest
              (14 damage)
             ... on level 3 of the Dungeon.
             The game lasted 00:04:29 (2899 turns).

Gabide the Grasshopper (Human Wanderer)             Turns: 2899, Time: 00:04:30

Health: -4/29      AC:  5    Str:  9    XL:     3   Next: 85%
Magic:  7/7        EV: 16    Int: 13    God:
Gold:   51         SH:  0    Dex: 16    Spells: 4/8 levels left

rFire   . . .      SeeInvis .   a - +0 short sword
rCold   . . .      Faith    .   (no shield)
rNeg    . . .      Spirit   .   d - +2 leather armour
rPois   .          Reflect  .   (no helmet)
rElec   .          Harm     .   (no cloak)
rCorr   .          Rampage  .   (no gloves)
Will    .....                   (no boots)
Stlth   ++........              (no amulet)
HPRegen 0.09/turn               v - +4 ring of evasion
MPRegen 0.10/turn               (no ring)

@: no status effects
A: no striking features
a: no special abilities


You were on level 3 of the Dungeon.
You visited 1 branch of the dungeon, and saw 4 of its levels.

You collected 76 gold pieces.
You spent 25 gold pieces at shops.

Inventory:

Hand Weapons
 a - a +0 short sword (weapon)
 b - a +0 sling
Missiles
 p - 3 poisoned darts
 u - 5 atropa-tipped darts
Armour
 d - a +2 leather armour (worn)
 i - an orb of guile
 s - an orb of mayhem
Jewellery
 v - a +4 ring of evasion (left hand)
Wands
 w - a wand of mindburst (20)
 y - a wand of acid (10) (quivered)
Scrolls
 c - 4 scrolls of fear
 e - 2 scrolls of immolation {unknown}
 h - a scroll of enchant armour {unknown}
 j - a scroll of magic mapping {unknown}
 k - a scroll of silence {unknown}
 l - 2 scrolls of identify {unknown}
 o - a scroll of poison {unknown}
 r - 2 scrolls of teleportation {unknown}
Potions
 f - a potion of might {unknown}
 g - 2 potions of haste {unknown}
 m - 2 potions of flight {unknown}
 n - a potion of attraction {unknown}
 q - a potion of magic {unknown}
 t - a potion of berserk rage {unknown}
 x - a potion of invisibility {unknown}
 z - a potion of degeneration {unknown}
 A - a potion of heal wounds {unknown}
 B - 3 potions of curing


   Skills:
 - Level 3.0 Fighting
 + Level 0.6 Armour
 - Level 3.0 Dodging
 - Level 1.0 Stealth
 - Level 3.0 Spellcasting
 - Level 3.0 Translocations


You had 4 spell levels left.
You knew the following spells:

 Your Spells              Type           Power      Damage    Failure   Level
a - Apportation           Tloc           18%        N/A       9%          1
b - Lesser Beckoning      Tloc           9%         N/A       26%         3

Your spell library contained the following spells:

 Spells                   Type           Power      Damage    Failure   Level
 Freeze                   Ice            4%         1d3       30%         1
 Frozen Ramparts          Ice            2%         1d1       67%         3
 Hailstorm                Conj/Ice       1%         3d3       97%         4


Dungeon Overview and Level Annotations

Branches:
Dungeon (4/15)
 Temple: D:4-7

Altars:
Zin

Shops:
D:3 :=[*


Message History

The orc priest is moderately wounded.
The orc priest barely misses you.
You hit the orc priest but do no damage.
The orc priest is moderately wounded.
The orc priest barely misses you.
You hit the orc priest.
The orc priest is heavily wounded.
The orc priest invokes the aid of Beogh against you.
Beogh smites you! The orc priest misses you.
You are too injured to fight recklessly!
You are too injured to fight recklessly!
You are too injured to fight recklessly!
You are too injured to fight recklessly!
You are too injured to fight recklessly!
You are too injured to fight recklessly!
You are too injured to fight recklessly!
You are too injured to fight recklessly!
You are too injured to fight recklessly!
You are too injured to fight recklessly!
You are too injured to fight recklessly!
You are too injured to fight recklessly!
You are too injured to fight recklessly!
You are too injured to fight recklessly!
You are too injured to fight recklessly!
You are too injured to fight recklessly!
You are too injured to fight recklessly!
You are too injured to fight recklessly!
Okay, then.
Unknown command.
That's the wrong kind of item! (Use * to select it.) Fire/throw/use which item? ([*] to toss any item) (? for menu, Esc to quit)
Okay, then.
Unknown command.
Aiming: Corrosive Bolt
Press: ? - help, Shift-Dir - straight line, f - orc priest
Aim: an orc priest, wielding a +0 war axe (heavily wounded, 71% to hit)
The bolt of acid misses the orc priest.
The orc priest mumbles some strange prayers to Beogh against you.
Pain shoots through your body!
You die...

#######.##.######..#
#.# #............#
#.# ####.######.##
#.# ### #.#
#.#######.## ##.#
###### #.#
#.##.......###.#.
.....# #.#
#.##.####.......#
####<# #.# ##.##.#
#.####... #.# #.#
#∩o##.# #.# ##.# #.#
#.# #@###.# #.# #.#
####.# #.# #.# #.#
#.#####.#
..##.#####.###
#.###.# #.......#
#............#
#....^# #######.#
####.......#[#
#.##### #..
#.#######.# #.# #.#
####.# #.# #.# #.#
.....# #.# #.# #.#
####.# #.# #.# #.#


You could see an orc priest.

Vanquished Creatures
  3 dart slugs (D:1)
  3 orcs
  4 ball pythons (D:1)
  A bat (D:2)
  5 endoplasms
  A giant cockroach (D:3)
  2 goblins
  2 hobgoblins
  2 quokkas
  3 frilled lizards
  2 kobolds
  4 rats
32 creatures vanquished.

Notes
Turn   | Place    | Note
-------+----------+-------------------------------------------
     0 | D:1      | Gabide the Human Wanderer began the quest for the Orb.
     0 | D:1      | Gabide set off with the following items: a +0 dagger, a
                  | potion of curing, a scroll of fear, a +2 leather armour;
                  | and the following spell memorised: Apportation; and the
                  | following spells available to memorise: Lesser Beckoning.
     0 | D:1      | Reached XP level 1. HP: 13/13 MP: 4/4
    99 | D:1      | Reached skill level 1 in Fighting
   149 | D:1      | Reached XP level 2. HP: 21/21 MP: 6/6
  1261 | D:2      | Reached XP level 3. HP: 28/28 MP: 7/7
  1387 | D:2      | Learned a level 3 spell: Lesser Beckoning
  1647 | D:2      | Found a faded altar of an unknown god.
  1647 | D:2      | Noticed a shadow demon
  1935 | D:3      | Found Kiteh's Jewellery Boutique.
  1960 | D:3      | Found Pesoanwa's Antique Armour Shop.
  2004 | D:3      | Found Vilailae's Assorted Antiques.
  2008 | D:3      | Bought a dark potion for 25 gold pieces
  2199 | D:3      | Found Himpant's Book Shop.
  2433 | D:3      | Found a glowing silver altar of Zin.
  2899 | D:3      | Killed from afar by an orc priest

Illustrated notes

Levels and vault maps discovered:
D:1:      minmay_arrival_five_plusses, layout_basic
D:2:      layout_loops_cross, dreamdust_ecumenical_altar_sealed_demon,
          minmay_misc_feat_doors, minmay_diced_spiral
D:3:      layout_loops_ring, zin_treasury, serial_shops, shop, shop,
          nicolae_shop_crystal, nicolae_diamond_shop
D:4:      layout_rooms, nicolae_sif_muna_little_library

Skill      XL: |  1  2  3 |
---------------+----------+-----
Fighting       | 1 2 3 |  3.0
Armour         | |  0.6
Dodging        | |  3.0
Stealth        | |  1.0
Spellcasting   | |  3.0
Translocations | |  3.0

Action                   || total
-------------------------++-------
Melee: Dagger            ||    26
       Punch             ||     1
       Short sword       ||   126
 Fire: Sling             ||     7
Evoke: Wand              ||     1
 Stab: Sleeping          ||     3
Armor: Leather armour    ||    46
Dodge: Dodged            ||    94
